 Dungeon Crawl Stone Soup version 0.31-a0-692-gf03d1854d5 (webtiles) character file.

Game seed: 12324777436705706962

464 qw the Shooter (level 7, -1/43 HPs)
             Began as a Gargoyle Hunter on Sept 6, 2023.
             Was an Initiate of Okawaru.
             Slain by a killer bee (4 damage)
             ... on level 4 of the Dungeon.
             The game lasted 00:01:11 (2973 turns).

qw the Shooter (Gargoyle Hunter)                    Turns: 2973, Time: 00:01:12

Health: -1/43      AC: 11    Str: 15    XL:     7   Next: 7%
Magic:  5/7        EV: 11    Int:  9    God:    Okawaru [......]
Gold:   148        SH:  0    Dex: 15    Spells: 6/6 levels left

rFire   . . .        Y - +0 shortbow
rCold   . . .        (shield currently unavailable)
rNeg    + . .        k - +0 ring mail
rPois   inf          g - +0 helmet
rElec   +            (no cloak)
rCorr   .            (no gloves)
SInv    +            (no boots)
Will    .....        (no amulet)
Stlth   +            l - ring of see invisible
HPRegen 0.27/turn    (no ring)
MPRegen 0.10/turn

%: no passive effects
@: no status effects
A: sickness immunity, AC +4, negative energy resistance 1, electricity
resistance, torment resistance 1, petrification resistance
a: Renounce Religion


You were on level 4 of the Dungeon.
You worshipped Okawaru.
Okawaru was noncommittal.
You visited 1 branch of the dungeon, and saw 4 of its levels.

You collected 148 gold pieces.


Innate Abilities, Weirdness & Mutations

You are immune to sickness and miasma.
Your stone body is resilient. (AC +4)
You are immune to poison.
You resist negative energy. (rN+)
You are resistant to electric shocks. (rElec)
You are resistant to unholy torment.
You are immune to petrification.


   Skills:
 - Level 4.2 Fighting
 + Level 7.2 Ranged Weapons
 - Level 1.5 Armour
 - Level 1.5 Dodging
 - Level 1.1 Stealth


You had 6 spell levels left.
You didn't know any spells.
Your spell library was empty.

Inventory:

Hand Weapons
 Y - a +0 shortbow (weapon)
Armour
 c - the +0 robe "Rog Ret" {Rampage +Blink rF- Int+3}
   (You found it on level 4 of the Dungeon)

   Int+3:     It affects your intelligence (+3).
   rF-:       It makes you vulnerable to fire.
   +Blink:    It lets you blink.
   Rampage:   It bestows one free step when moving towards enemies.
 g - a +0 helmet (worn)
 i - the +8 ring mail "Eskeg" {rPois rN+ Stlth+}
   (You found it on level 4 of the Dungeon)

   rPois:     It protects you from poison rN+: It protects you from negative
   energy.
   Stlth+:    It makes you more stealthy.
 k - a +0 ring mail (worn)
Jewellery
 l - a ring of see invisible (left hand)
Scrolls
 a - 2 scrolls of identify
Potions
 b - a potion of magic {unknown}
 d - 4 potions of enlightenment
 e - 2 potions of curing
 f - a potion of might {unknown}
 h - a potion of heal wounds {unknown}
 j - a potion of degeneration {unknown}
 m - a potion of brilliance {unknown}

Dungeon Overview and Level Annotations

Branches:
Dungeon (4/15)
 Temple: D:4-7

Altars:
Cheibriados
Okawaru


Message History

The killer bee stings you but does no damage.
The killer bee stings you. The killer bee barely misses you. x2
You shoot an arrow. The arrow misses the killer bee.
The killer bee misses you. The killer bee barely misses you.
The killer bee stings you but does no damage.
The killer bee stings you.
You shoot an arrow.
The arrow closely misses the killer bee.
The killer bee stings you but does no damage. x2
The killer bee misses you.
The killer bee stings you but does no damage.
You shoot an arrow. The arrow hits the killer bee!
You kill the killer bee!
Okawaru accepts your kill. The killer bee closely misses you.
You have reached level 7!
You shoot an arrow. The arrow barely misses the killer bee.
You feel like a meek peon again. The killer bee stings you.
The killer bee barely misses you.
You shoot an arrow.
The arrow closely misses the killer bee.
The killer bee stings you but does no damage. x2
You shoot an arrow.
The arrow closely misses the killer bee.
The killer bee stings you. The killer bee barely misses you.
The killer bee stings you but does no damage.
You shoot an arrow. The arrow misses the killer bee.
The killer bee stings you.
The killer bee stings you but does no damage.
You shoot an arrow.
The arrow closely misses the killer bee.
The killer bee stings you but does no damage.
The killer bee closely misses you. x2
You shoot an arrow. The arrow barely misses the killer bee.
The killer bee misses you. The killer bee closely misses you.
You shoot an arrow.
The arrow closely misses the killer bee.
The killer bee stings you but does no damage.
The killer bee stings you.
You die...

#.#.##.##..#.#.#.#
#.#..).......> . .
#.#.##)##..#.#. .
#.#.##)##..#.#
#.#.......)..#####
#.####...........##
##########.# #.............
#..........####..#..........
#.#######..>.@%......####.
#.<.# ##.###y...........#
#...# #.# #..............
#!..# #.# #........###.#.
##.## ###.###.###....# # #.#
#...##.## ##..... #.#
#.####ยค# #...... #.# #.#
#y# #...... #.# #.# ##y #.##


You could see a killer bee.

Vanquished Creatures
  A centaur (D:4)
  3 killer bees (D:4)
  A jelly (D:4)
  An orc priest (D:4)
  3 orc wizards (D:4)
  3 gnolls (D:3)
  An adder (D:2)
  3 dart slugs
  7 orcs
  11 ball pythons
  6 endoplasms
  A giant cockroach (D:2)
  5 goblins
  4 hobgoblins
  2 jackals (D:1)
  7 quokkas
  6 bats
  2 frilled lizards
  6 kobolds
  5 rats
78 creatures vanquished.

Vanquished Creatures (others)
  An orc wizard (D:4)
1 creature vanquished.

Grand Total: 79 creatures vanquished

Notes
Turn   | Place    | Note
-------+----------+-------------------------------------------
     0 | D:1      | qw the Gargoyle Hunter began the quest for the Orb.
     0 | D:1      | Reached XP level 1. HP: 12/12 MP: 1/1
     0 | D:1      | 0 ||| qw: Version: 0.3-a-76-g4403597
     0 | D:1      | 0 ||| qw: Game counter: 100
     0 | D:1      | 0 ||| qw: Melee chars always use a shield: true
     0 | D:1      | 0 ||| qw: God list: Okawaru
     0 | D:1      | 0 ||| qw: Allow faded altars: false
     0 | D:1      | 0 ||| qw: Do Orc after clearing Dungeon:15 true
     0 | D:1      | 0 ||| qw: Do second Lair branch before Depths: true
     0 | D:1      | 0 ||| qw: Lair rune preference: random
     0 | D:1      | 0 ||| qw: Goals: Normal
     0 | D:1      | 0 ||| PLANNING D:1-11
    88 | D:1      | You fall into a shaft and drop 1 floor!
   127 | D:2      | Reached XP level 2. HP: 17/17 MP: 2/2
   130 | D:2      | 130 ||| DROPPING scroll of butterflies.
   430 | D:1      | Reached XP level 3. HP: 19/21 MP: 3/3
   515 | D:1      | Reached skill level 5 in Ranged Weapons
   542 | D:1      | 542 ||| Stepping ~*~*~tactically~*~*~ (outnumbered).
   934 | D:1      | 934 ||| UPGRADING to +0 helmet.
   939 | D:1      | 939 ||| DRINKING 3 viscous green potions.
   940 | D:1      | 940 ||| DRINKING 2 emerald potions.
   941 | D:1      | 941 ||| DRINKING 2 sapphire potions.
   986 | D:1      | 986 ||| DROPPING potion of lignification.
  1162 | D:2      | Reached skill level 3 in Fighting
  1380 | D:2      | Reached XP level 4. HP: 28/28 MP: 4/4
  1494 | D:2      | 1494 ||| READING scroll labelled OTEABR JAPHEH.
  1495 | D:2      | 1495 ||| READING 2 scrolls labelled DYLYLIP RAMAH.
  1498 | D:2      | 1498 ||| READING scroll labelled FEOZUK NIWUGRA.
  1524 | D:3      | Found a snail-covered altar of Cheibriados.
  1631 | D:3      | Found an iron altar of Okawaru.
  1632 | D:3      | 1632 ||| PLANNING OKAWARU WORSHIP
  1636 | D:3      | 1636 ||| READING scroll labelled KYGGIK VIRCH.
  1641 | D:3      | Became a worshipper of Warmaster Okawaru
  1642 | D:3      | 1642 ||| PLANNING D:1-11
  1813 | D:3      | Found a faded altar of an unknown god.
  1850 | D:3      | 1850 ||| RETREATING.
  1860 | D:3      | 1860 ||| FLEEEEING.
  2445 | D:3      | 2445 ||| UPGRADING to +0 ring mail.
  2455 | D:3      | 2455 ||| DROPPING +0 leather armour.
  2456 | D:3      | 2456 ||| UPGRADING to ring of see invisible.
  2457 | D:3      | 2457 ||| READING scroll labelled JUWOCA HYNWUGGUC.
  2479 | D:4      | 2479 ||| RETREATING.
  2481 | D:4      | 2481 ||| Stepping ~*~*~tactically~*~*~ (retreating).
  2482 | D:4      | 2482 ||| DRINKING 3 potions of curing.
  2482 | D:4      | 2482 ||| (to cure confusion)
  2483 | D:4      | 2483 ||| Stepping ~*~*~tactically~*~*~ (retreating).
  2492 | D:4      | Reached skill level 1 in Armour
  2492 | D:4      | Reached XP level 5. HP: 32/32 MP: 5/5
  2508 | D:4      | Reached skill level 6 in Ranged Weapons
  2513 | D:4      | Reached * piety under Okawaru
  2573 | D:4      | Identified the +0 robe "Rog Ret" {Rampage +Blink rF- Int+3}
  2630 | D:4      | 2630 ||| INVOKING Heroism.
  2631 | D:4      | 2631 ||| INVOKING Heroism.
  2736 | D:4      | HP: 5/33 [killer bee (4)]
  2737 | D:4      | 2737 ||| READING 2 scrolls of teleportation.
  2742 | D:4      | Reached XP level 6. HP: 4/38 MP: 6/6
  2742 | D:4      | 2742 ||| INVOKING Heroism.
  2748 | D:4      | 2748 ||| READING scroll of teleportation.
  2749 | D:4      | HP: 5/38 [killer bee (1)]
  2794 | D:4      | 2794 ||| INVOKING Heroism.
  2905 | D:4      | Identified the +8 ring mail "Eskeg" {rPois rN+ Stlth+}
  2931 | D:4      | Reached skill level 7 in Ranged Weapons
  2956 | D:4      | 2956 ||| INVOKING Heroism.
  2967 | D:4      | Reached XP level 7. HP: 17/43 MP: 5/7
  2969 | D:4      | HP: 7/43 [killer bee (5)]
  2970 | D:4      | HP: 2/43 [killer bee (5)]
  2973 | D:4      | Slain by a killer bee

Levels and vault maps discovered:
D:1:      minmay_arrival_four_circles, layout_basic, interstate_on_off,
          minmay_cupped
D:2:      layout_basic
D:3:      layout_basic, hellmonk_okawaru_the_only_friend_you_need,
          mainiacjoe_overflow_cross_hatched,
          shapermc_ecumenical_altar_rom_forum, serial_aquarium,
          aquarium_bridge_square [aquarium_subvault_balcony,
          aquarium_subvault_window, aquarium_subvault_wall,
          aquarium_subvault_bridge], aquarium_window_fake, aquarium_window_1,
          aquarium_view_2e, aquarium_view_2e, aquarium_balcony_3a
D:4:      layout_loops_ring, gammafunk_ghost_arena

Skill      XL: |  1  2  3  4  5  6 |
---------------+-------------------+-----
Ranged Weapons | 5 6 7 |  7.2
Fighting       | 3 4 |  4.2
Armour         | 1 |  1.5
Dodging        | |  1.5
Stealth        | |  1.1

Action                     |  1- 3 |  4- 6 |  7- 9 || total
---------------------------+-------+-------+-------++-------
   Fire: Shortbow          |   111 |   169 |     7 ||   287
 Invoke: Heroism           |       |     4 |       ||     4
    Use: Potion            |     3 |     1 |       ||     4
         Scroll            |       |     7 |       ||     7
 Armour: Leather armour    |    35 |    21 |       ||    56
         Ring mail         |       |    57 |    10 ||    67
  Dodge: Dodged            |    32 |    80 |     6 ||   118

Table legend:
 A = Non-vault XP
 B = Vault XP
 C = Vault XP percentage of total XP
 D = Non-vault monster count
 E = Vault monster count
 F = Vault count percentage of total count
                 A         B        C        D         E       F
            +---------+---------+-------+---------+---------+-------
      Total |     657 |       6 |   0.9 |      74 |       4 |   5.1
            +---------+---------+-------+---------+---------+-------
        D:1 |      35 |       6 |  14.6 |      20 |       4 |  16.7
        D:2 |      44 |       0 |   0.0 |      18 |       0 |   0.0
        D:3 |      70 |       0 |   0.0 |      18 |       0 |   0.0
        D:4 |     508 |       0 |   0.0 |      18 |       0 |   0.0
            +---------+---------+-------+---------+---------+-------
